 Dungeon Crawl Stone Soup version 0.17-a0-1880-gacf7e67 (webtiles) character file.

331 barthelm the Ducker (level 6, -1/61 HPs)
             Began as a Troll Berserker on Sept 21, 2015.
             Was a Believer of Trog.
             Succumbed to a centaur's poison
             ... on level 5 of the Dungeon.
             The game lasted 00:06:29 (1208 turns).

barthelm the Ducker (Troll Berserker)               Turns: 1208, Time: 00:06:29

Health: -1/61      AC:  5    Str: 28    XL:     6   Next: 26%
Magic:  5/5        EV: 10    Int:  3    God:    Trog [**....]
Gold:   122        SH:  0    Dex:  9    Spells: 0 memorised, 5 levels left

rFire  . . .     SeeInvis .     a - +0 mace
rCold  . . .     Clarity  .     b - +0 animal skin
rNeg   . . .     SustAt   .     (no shield)
rPois  .         Gourm    +     (helmet restricted)
rElec  .         Spirit   .     (no cloak)
rCorr  .         Warding  .     (gloves unavailable)
rMut   .         Stasis   .     (boots unavailable)
MR     .....                    (no amulet)
Stlth  +.........               (no ring)
                                (no ring)

@: lethally poisoned (-1 -> -29), exhausted, slowed, drained, very slow, not
resistant to hostile enchantments, very unstealthy
A: unfitting armour, claws 3, fast metabolism 3, gourmand, regeneration 2,
shaggy fur 1, tough skin 2
a: Burn Spellbooks, Berserk, Trog's Hand, Renounce Religion


You were on level 5 of the Dungeon.
You worshipped Trog.
Trog was pleased with you.
You were very full.

You visited 1 branch of the dungeon, and saw 5 of its levels.

You collected 122 gold pieces.

Inventory:

Hand weapons
 a - a +0 mace (weapon)
Armour
 b - a +0 animal skin (worn)
Scrolls
 h - 2 scrolls of enchant weapon {unknown}
 o - a scroll of identify {unknown}
Potions
 e - a potion of curing {unknown}
 g - a potion of flight {unknown}
 i - a potion of ambrosia {unknown}
 j - a potion of lignification {unknown}
 k - a potion of cure mutation {unknown}
 l - a potion of invisibility {unknown}
 m - 2 potions of heal wounds {unknown}
 n - 2 potions of berserk rage {unknown}
 p - a potion of poison {unknown}
Comestibles
 c - 3 bread rations
 d - 4 meat rations
 f - 3 chunks of flesh


   Skills:
 + Level 3.5(2.6) Fighting
 + Level 3.6(2.7) Maces & Flails
 + Level 4.6(3.6) Dodging
 - Level 0.4(0.0) Stealth


You had 5 spell levels left.
You didn't know any spells.

Dungeon Overview and Level Annotations

Branches:
Dungeon (5/15)
 Temple: D:4-7

Altars:


Innate Abilities, Weirdness & Mutations

You are too large for most types of armour.
You have claws for hands.
Your metabolism is lightning-fast.
You like to eat raw meat.
You heal very quickly.
You are covered in fur (AC +1).
You have very tough skin (AC +2).


Message History

You completely miss the jackal.
* * * LOW HITPOINT WARNING * * *
You feel very sick. The jackal bites you.
* * * LOW HITPOINT WARNING * * *
The centaur unwields an uncursed shortbow.
The centaur hits you.
* * * LOW HITPOINT WARNING * * *
The giant cockroach bites you.
* * * LOW HITPOINT WARNING * * *
* * * LOW HITPOINT WARNING * * *
You feel very sick.
You feel a strong urge to attack something.
* * * LOW HITPOINT WARNING * * *
You feel sick.
The jackal bites you but does no damage.
You are no longer berserk.
You are exhausted.
You feel yourself slow down.
You die...

##.......##..#
#.#.......
#...........#
#.#...)...
#.......###.#
#.#......#
#.......# #.#
#.#......#
#.......# #.#
#.#...#..#
######### #.#
#.#s..#..# #.#
#.h...####
#.####.#...#.$#
#....@.#...#..#
########......#
......# .......
....... ######+


You could see a jackal and a giant cockroach.

Vanquished Creatures
  The ghost of Uberwunderbarhen the Firebug, an average OpFE (D:3)
  A centaur (D:5)
  A hound (D:4)
  A worker ant (D:4)
  3 gnolls (D:4)
  2 adders
  A worm (D:3)
  2 giant geckos (D:1)
  An orc (D:3)
  2 bats
  4 giant cockroaches
  2 hobgoblins
  3 jackals (D:5)
  A giant newt (D:4)
  3 goblins (D:1)
  A kobold (D:1)
  4 quokkas
  2 rats (D:3)
35 creatures vanquished.

Notes
Turn   | Place    | Note
--------------------------------------------------------------
     0 | D:1      | barthelm the Troll Berserker began the quest for the Orb.
     0 | D:1      | Reached XP level 1. HP: 22/22 MP: 0/0
   196 | D:1      | Reached XP level 2. HP: 29/29 MP: 1/1
   489 | D:2      | Reached skill level 3 in Maces & Flails
   559 | D:3      | Noticed Uberwunderbarhen's ghost (average OpFE)
   630 | D:3      | Killed Uberwunderbarhen's ghost
   630 | D:3      | Reached XP level 3. HP: 29/37 MP: 2/2
   630 | D:3      | Reached XP level 4. HP: 35/45 MP: 3/3
   630 | D:3      | Reached XP level 5. HP: 41/53 MP: 4/4
   784 | D:4      | Noticed a phantom
   832 | D:4      | Reached skill level 4 in Dodging
  1021 | D:4      | HP: 2/53 [gnoll/flail of draining (4)]
  1090 | D:5      | Entered Level 5 of the Dungeon
  1116 | D:5      | Noticed a centaur
  1128 | D:5      | Killed a centaur
  1128 | D:5      | Acquired Trog's second power
  1128 | D:5      | Reached XP level 6. HP: 33/61 MP: 5/5
  1193 | D:5      | Noticed a centaur
  1206 | D:5      | HP: 4/91 [poisoned by a centaur]
  1208 | D:5      | Succumbed to a centaur's poison

Vault maps used:
D:1:      minmay_arrival_split_and_join, kennysheep_flooded_box,
          grunt_decor_fettered
D:2:      serial_forest, infiniplex_forest_clump_diagonal,
          infiniplex_forest_zigzag_2, infiniplex_forest_clump_C,
          infiniplex_forest_lined_ring, infiniplex_forest_clump_tiny,
          infiniplex_forest_lined_4_way, infiniplex_forest_clump_medium,
          infiniplex_forest_lined_2, infiniplex_forest_end_1, uniq_sigmund
D:3:      ecumenical_altar_1, st_stairs_13
D:4:      first_bread, kennysheep_doodads, serial_park_tiny_2
D:5:      kennysheep_generic_room_16

Action                   |  1- 3 |  4- 6 || total
-------------------------+-------+-------++-------
Melee: Mace              |    71 |    91 ||   162
Invok: Berserk           |     1 |     1 ||     2
 Stab: Sleeping          |       |     1 ||     1
  Eat: Chunk             |     9 |     9 ||    18
